 Dungeon Crawl Stone Soup version 0.29.0-11-gd7f09526c8 (webtiles) character file.

Game seed: 10934078022017439067

28 greasedhog the Distorting Elf (level 2, -2/18 HPs)
             Began as a Deep Elf Abyssal Knight on Sept 7, 2022.
             Was a Believer of Lugonu.
             Slain by an adder (4 damage)
             ... on level 2 of the Dungeon.
             The game lasted 00:01:14 (1406 turns).

greasedhog the Distorting Elf (DEAK)                Turns: 1406, Time: 00:01:15

Health: -2/18      AC:  4    Str: 10    XL:     2   Next: 96%
Magic:  6/6        EV: 12    Int: 14    God:    Lugonu [**....]
Gold:   54         SH:  5    Dex: 15    Spells: 1/1 levels left

rFire   . . .      SeeInvis .   e - +1 dagger (venom)
rCold   . . .      Faith    .   (no shield)
rNeg    . . .      Spirit   .   b - +0 leather armour
rPois   .          Reflect  +   (no helmet)
rElec   .          Harm     .   (no cloak)
rCorr   +          Rampage  .   (no gloves)
Will    .....                   k - +0 pair of boots
Stlth   +.........              h - amulet of reflection
HPRegen 0.06/turn               g - ring of resist corrosion
MPRegen 0.10/turn               (no ring)

@: mighty, flying
A: no striking features
a: Renounce Religion, Depart the Abyss, Bend Space


You were on level 2 of the Dungeon.
You worshipped Lugonu.
Lugonu was pleased with you.
You visited 1 branch of the dungeon, and saw 2 of its levels.
You visited the Abyss 1 time.

You collected 54 gold pieces.

Inventory:

Hand Weapons
 a - a +1 short sword
 e - a +1 dagger of venom (weapon)
Armour
 b - a +0 leather armour (worn)
 k - a +0 pair of boots (worn)
Jewellery
 g - a ring of resist corrosion (left hand)
 h - an amulet of reflection (around neck)
Scrolls
 c - a scroll of teleportation {unknown}
 d - a scroll of blinking {unknown}
Potions
 i - a potion of heal wounds {unknown}
 j - a potion of flight
 l - a potion of haste {unknown}


   Skills:
 - Level 2.4 Fighting
 * Level 2.8 Short Blades
 - Level 0.7 Armour
 - Level 2.4 Dodging
 * Level 3.0 Invocations


You had one spell level left.
You didn't know any spells.
Your spell library was empty.

Dungeon Overview and Level Annotations

Branches:
Dungeon (2/15)

Altars:


Message History

The adder barely misses you.
You barely miss the adder.
The adder is heavily wounded.
The adder bites you.
You barely miss the adder.
The adder is heavily wounded.
You block the adder's attack.
You closely miss the adder.
The adder is heavily wounded.
The adder bites you but does no damage.
You barely miss the adder.
The adder is heavily wounded.
The adder bites you.
You are poisoned.
The adder poisons you!
You barely miss the adder.
The adder is heavily wounded.
You feel sick. The adder barely misses you.
The adder bites you but does no damage.
You hit the adder.
The adder is almost dead.
You feel sick. The adder barely misses you.
Unknown command.
It was a potion of flight.
You feel very buoyant.
You fly up into the air.
You feel sick.
A giant cockroach comes into view.
The adder bites you but does no damage.
It was a potion of might.
You feel very mighty all of a sudden.
You feel sick.
You are no longer poisoned.
The adder closely misses you.
You closely miss the adder.
The adder is almost dead.
The adder barely misses you.
You miss the adder.
The adder is almost dead.
The adder misses you. The adder bites you.
You die...

#..... #^...J
##..... .......##
.......#########
##..$#........
#.#.....r......#
#.#....#S#####.
#...[..#@####.#
##...#†#.....#
#....#...##..#
#...###.....#..
#.###..#.#.######
#.........##
#####..#### #..#
#..######


You could see an adder and a rat.

Vanquished Creatures
  2 dart slugs
  3 ball pythons (D:1)
  A bat (D:2)
  An endoplasm (D:1)
  A giant cockroach (D:1)
  3 goblins
  A hobgoblin (D:1)
  4 jackals (D:1)
  A quokka (D:2)
  A frilled lizard (D:1)
  A kobold (D:2)
  2 rats (D:1)
21 creatures vanquished.

Notes
Turn   | Place    | Note
-------+----------+-------------------------------------------
     0 | Abyss:1  | greasedhog the Deep Elf Abyssal Knight began the quest for
                  | the Orb.
     0 | Abyss:1  | Reached XP level 1. HP: 13/13 MP: 4/4
     1 | D:1      | Escaped the Abyss
   177 | D:1      | Reached XP level 2. HP: 11/18 MP: 5/5
   731 | D:1      | Found a faded altar of an unknown god.
  1387 | D:2      | Reached skill level 3 in Invocations
  1406 | D:2      | Slain by an adder

Illustrated notes

Levels and vault maps discovered:
D:1:      dpeg_arrival_arbitrary_b, layout_loops_ring,
          chequers_ecumenical_altar_island
D:2:      layout_loops_ring, basic_altar, kennysheep_pointless_box,
          roderic_roman_lattice, uniq_crazy_yiuf_cottage

Skill      XL: |  1  2 |
---------------+-------+-----
Invocations    | 3 |  3.0
Fighting       | |  2.4
Short Blades   | |  2.8
Armour         | |  0.7
Dodging        | |  2.4

Action                   || total
-------------------------++-------
Melee: Short sword       ||    40
       Dagger            ||    45
  Use: Potion            ||     2
 Stab: Sleeping          ||     1
Armor: Leather armour    ||    12
Dodge: Dodged            ||    46
Block: Other             ||    14
